 Dungeon Crawl Stone Soup version 0.19.1 (webtiles) character file.

514 CanadianGator the Purveyor of Pain (level 7, -5/49 (50) HPs)
             Began as a Demonspawn Necromancer on Dec 5, 2016.
             Was an Initiate of Kikubaaqudgha.
             Slain by Killer1's ghost (8 damage)
             ... on level 6 of the Dungeon.
             The game lasted 00:25:41 (8132 turns).

CanadianGator the Purveyor of Pain (DsNe)           Turns: 8132, Time: 00:25:42

HP:   -5/49 (50)    AC:  4    Str: 11    XL:     7   Next: 0%
MP:   20/20         EV: 15    Int: 16    God:    Kikubaaqudgha [......]
Gold: 363           SH:  0    Dex: 13    Spells: 3 memorised, 2 levels left

rFire  x . .     SeeInvis .     c - +0 short sword
rCold  + . .     Gourm    .     z - +0 leather armour
rNeg   . . .     Faith    .     (no shield)
rPois  .         Spirit   .     i - +0 helmet
rElec  .         Reflect  .     (no cloak)
rCorr  .         Harm     .     (no gloves)
MR     .....                    (no boots)
Stlth  ++........               h - amulet of rage
                                x - ring of ice
                                t - ring of magical power

@: no status effects
A: talons 1, repulsion field 2, demonic guardian 1
a: Renounce Religion, Evoke Berserk Rage


You were on level 6 of the Dungeon.
You worshipped Kikubaaqudgha.
Kikubaaqudgha was noncommittal.
You were near starving.

You visited 2 branches of the dungeon, and saw 7 of its levels.

You collected 363 gold pieces.

Inventory:

Hand Weapons
 c - a +0 short sword (weapon)
 l - a +0 dagger
Armour
 a - a +0 robe
 g - a +0 scale mail
 i - a +0 helmet (worn)
 k - a +1 chain mail of magic resistance
 z - a +0 leather armour (worn)
Jewellery
 h - an amulet of rage (around neck)
 t - a ring of magical power (left hand)
 x - a ring of ice (right hand)
Wands
 m - a wand of random effects (34/48)
 u - a wand of iceblast (5/15)
Scrolls
 d - a scroll of amnesia
 e - 3 scrolls of teleportation
 p - a scroll of recharging
 s - a scroll of fear
 y - 3 scrolls of remove curse
 A - 2 scrolls of blinking {unknown}
 C - 2 scrolls of enchant weapon {unknown}
 D - a scroll of vulnerability {unknown}
 E - a scroll of summoning {unknown}
 F - a scroll of brand weapon {unknown}
Potions
 o - 2 potions of resistance
 r - 2 potions of agility
 w - 2 potions of flight
 B - a potion of magic
Books
 b - a book of Necromancy

   Spells                             Type                      Level
   a - Pain                           Necromancy                   1
   b - Animate Skeleton               Necromancy                   1
   c - Vampiric Draining              Necromancy                   3
   d - Regeneration                   Charms/Necromancy            3
   e - Animate Dead                   Necromancy                   4
   f - Control Undead                 Necromancy                   4
 G - a book of Battle

   Spells                             Type                      Level
   a - Infusion                       Charms                       1
   b - Shroud of Golubria             Charms/Translocation         2
   c - Song of Slaying                Charms                       2
   d - Spectral Weapon                Hexes/Charms                 3
   e - Regeneration                   Charms/Necromancy            3
Comestibles
 f - 2 bread rations
 j - 2 meat rations
 n - a slice of pizza
 q - 3 fruits
 v - a royal jelly


   Skills:
 + Level 2.0 Fighting
 * Level 2.6 Short Blades
 + Level 1.9 Armour
 + Level 3.1 Dodging
 - Level 1.7 Stealth
 - Level 1.0 Unarmed Combat
 + Level 2.9 Spellcasting
 * Level 5.8 Necromancy
 + Level 1.4 Evocations


You had 2 spell levels left.
You knew the following spells:

 Your Spells              Type           Power        Failure   Level  Hunger
a - Animate Dead          Necr           N/A          24%         4    #####..
b - Animate Skeleton      Necr           N/A          1%          1    #......
c - Control Undead        Necr           ###.......   24%         4    #####..


Dungeon Overview and Level Annotations

Branches:
Dungeon (6/15)             Temple (1/1) D:5

Altars:
Ashenzari
Cheibriados
Dithmenos
Elyvilon
Fedhas
Gozag
Hepliaklqana
Kikubaaqudgha
Makhleb
Nemelex Xobeh
Okawaru
Qazlal
Ru
Sif Muna
Trog
Uskayaw
Vehumet
Xom
Yredelemnul
Zin
The Shining One

Annotations:
D:6 Killer1's ghost, novice DgFi


Innate Abilities, Weirdness & Mutations

You have sharp toenails.
You are surrounded by a moderate repulsion field. (EV +3)
A weak demonic guardian rushes to your aid.


Message History

Your white imp gestures at Killer1's ghost.
The puff of frost hits Killer1's ghost.
Killer1's ghost appears unharmed.
Killer1's ghost says, "Live by the sword, die by the sword."
You are near starving!
Killer1's ghost hits you!
* * * LOW HITPOINT WARNING * * *
Your quasit bites Killer1's ghost.
Your quasit claws Killer1's ghost but does no damage.
Your quasit completely misses Killer1's ghost.
Your quasit bites Killer1's ghost but does no damage.
Your quasit claws Killer1's ghost but does no damage.
Your quasit closely misses Killer1's ghost.
Your quasit barely misses Killer1's ghost.
Your quasit completely misses Killer1's ghost.
Your quasit barely misses Killer1's ghost.
Your white imp gestures at Killer1's ghost.
The puff of frost hits Killer1's ghost.
Killer1's ghost appears unharmed.
Killer1's ghost hits you!
You die...
Kikubaaqudgha rasps: "You have failed me!
Welcome... death!"

### #.# #.#### #....# #.##.#
#.##.# ########.##.#########
###...................######
................@.........>#
.....######.#.##.W..#.#.##.#
.....#...........55.#.#
.....#........##....#.#
.....#........##...555#
.....######+####....#.#
.....######.# #......# .#
###.#....##.# #....... ..
#.#.##.##.######.#.##.##.######


You could see Killer1's ghost, a friendly iron imp, 2 friendly quasits, a
friendly white imp and a friendly shadow imp.

Vanquished Creatures
  An ice beast (D:5)
  A howler monkey (D:4)
  An orc priest (D:4)
  2 hounds
  An iguana (D:5)
  4 centaur skeletons
  A howler monkey zombie (D:6)
  A gnoll (D:3)
  A howler monkey skeleton (D:5)
  2 adders
  An adder skeleton (D:6)
  3 worms
  2 dart slugs
  A leopard gecko (D:6)
  3 orcs
  3 ball pythons
  5 bats
  4 giant cockroaches
  3 goblins (D:1)
  7 hobgoblins
  6 jackals
  8 kobolds
  4 quokkas
  5 frilled lizards
  A leopard gecko skeleton (D:5)
  A leopard gecko zombie (D:5)
  6 rats
78 creatures vanquished.

Vanquished Creatures (collateral kills)
  A bullfrog zombie (D:5)
  A bullfrog skeleton (D:5)
  A centaur skeleton (D:3)
  A worker ant (D:4)
  2 gnolls (D:3)
  2 adders
  A shadow imp (D:5)
  A leopard gecko (D:2)
  2 orcs (D:4)
  2 hobgoblins (D:3)
  A jackal (D:3)
  2 kobolds
  2 quokkas
  A bat (D:2)
20 creatures vanquished.

Grand Total: 98 creatures vanquished

Notes
Turn   | Place    | Note
-------+----------+-------------------------------------------
     0 | D:1      | CanadianGator the Demonspawn Necromancer began the quest for the Orb.
     0 | D:1      | Reached XP level 1. HP: 13/13 MP: 3/3
   197 | D:1      | Learned a level 1 spell: Animate Skeleton
   230 | D:1      | Gained mutation: A weak demonic guardian rushes to your aid. [demonic ancestry]
   230 | D:1      | Reached XP level 2. HP: 14/19 MP: 1/5
  1035 | D:2      | HP: 1/20 [frilled lizard (3)]
  1499 | D:2      | HP: 1/20 [kobold/dagger (1)]
  1652 | D:2      | Gained mutation: You are surrounded by a mild repulsion field. (EV +2) [demonic ancestry]
  1652 | D:2      | Reached XP level 3. HP: 9/25 MP: 6/6
  2976 | D:3      | Reached skill level 1 in Short Blades
  2982 | D:3      | Reached skill level 1 in Fighting
  2982 | D:3      | Reached skill level 1 in Armour
  3182 | D:3      | Reached XP level 4. HP: 27/32 MP: 7/7
  3583 | D:3      | Learned a level 4 spell: Animate Dead
  3828 | D:3      | Reached skill level 1 in Unarmed Combat
  4512 | D:4      | Gained mutation: You are surrounded by a moderate repulsion field. (EV +3) [demonic ancestry]
  4512 | D:4      | Reached XP level 5. HP: 24/37 MP: 8/8
  4853 | D:4      | Reached skill level 5 in Necromancy
  4859 | D:4      | Learned a level 4 spell: Control Undead
  5464 | D:5      | Entered Level 5 of the Dungeon
  5870 | D:5      | Noticed an ice beast
  5898 | D:5      | Gained mutation: You have sharp toenails. [demonic ancestry]
  5898 | D:5      | Reached XP level 6. HP: 37/44 MP: 10/10
  5903 | D:5      | Killed an ice beast
  6070 | D:5      | Found a staircase to the Ecumenical Temple.
  6108 | Temple   | Entered the Ecumenical Temple
  6357 | Temple   | Became a worshipper of Kikubaaqudgha
  6423 | D:5      | Reached skill level 1 in Evocations
  6459 | D:5      | Found a burning altar of Makhleb.
  7150 | D:6      | Noticed Killer1's ghost (novice DgFi)
  8072 | D:6      | Reached XP level 7. HP: 45/49 MP: 11/11
  8128 | D:6      | HP: 2/49 [Killer1's ghost (11)]
  8132 | D:6      | Slain by Killer1's ghost

Skill      XL: |  1  2  3  4  5  6 |
---------------+-------------------+-----
Dodging        | 2 3 |  3.1
Short Blades   | 1 2 |  2.6
Fighting       | 1 2 |  2.0
Armour         | 1 |  1.9
Unarmed Combat | 1 |  1.0
Necromancy     | 5 |  5.8
Evocations     | 1 |  1.4
Stealth        | |  1.7
Spellcasting   | |  2.9

Action                   |  1- 3 |  4- 6 |  7- 9 || total
-------------------------+-------+-------+-------++-------
Melee: Unarmed           |    11 |       |       ||    11
       Dagger            |    87 |    15 |       ||   102
       Short sword       |    93 |   298 |    11 ||   402
       Kick              |       |    31 |     3 ||    34
 Cast: Pain              |    13 |       |       ||    13
       Animate Skeleton  |    17 |    12 |       ||    29
       Animate Dead      |       |     2 |       ||     2
       Control Undead    |       |    17 |       ||    17
  Use: Potion            |     2 |     1 |       ||     3
       Scroll            |     6 |    10 |       ||    16
 Stab: Sleeping          |     3 |     1 |       ||     4
  Eat: Bread ration      |     1 |     2 |       ||     3
       Chunk             |     3 |    12 |       ||    15
Armor: Robe              |    11 |       |       ||    11
       Skin              |     2 |       |       ||     2
       Ring mail         |    17 |       |       ||    17
       Scale mail        |     3 |    69 |       ||    72
       Leather armour    |       |    20 |     3 ||    23
Dodge: Dodged            |   121 |   225 |     4 ||   350
